AoeStats
← Tayrel Nath

Arabia

510600440Analyzed
2v2 RM · 12h ago on Oct 1, 2026· 33m 13s· 4 players
Game mode
Random Map
Map size
Medium (4 player)
Population
200
Speed
Normal
Resources
Standard
Victory
Conquest
Starting age
Dark Age
Ending age
Imperial Age
RankedLock teamsTeams togetherTeam positionsShared explorationLock speedFull tech treeHidden civsTurbo modeCheats
Victory
Defeat
🇮🇳 Khmer · India
1017
+15
🇲🇽 Franks · Mexico
1013
+36
🇹🇷 Ethiopians · Türkiye
1003
-15
🇹🇷 Magyars · Türkiye
993
-15
[VF] ThemisNyks
7:31 Loom
10:18 Feudal Age
11:42 Double-Bit Axe
14:36 Horse Collar
19:40 Fletching
22:17 Padded Archer Armor
25:37 Castle Age
26:42 Crossbowman
30:24 Leather Archer Armor
30:58 Bodkin Arrow
31:30 Squires
32:34 Thumb Ring
Grand ImHotep
5:53 Loom
10:25 Feudal Age
10:56 Double-Bit Axe
14:00 Wheelbarrow
14:25 Horse Collar
23:21 Bloodlines
28:34 Castle Age
27:11 Scale Barding Armor
29:47 Husbandry
29:07 Light Cavalry
30:23 Chain Barding Armor
Tayrel Nath
3:23 Loom
10:30 Feudal Age
20:15 Castle Age
20:18 Scale Barding Armor
20:24 Forging
20:04 Double-Bit Axe
28:26 Chain Barding Armor
28:42 Iron Casting
28:27 Husbandry
RajaPuru
3:42 Loom
10:02 Feudal Age
15:12 Double-Bit Axe
17:36 Bloodlines
19:41 Scale Barding Armor
19:46 Forging
26:34 Castle Age
26:47 Horse Collar
27:01 Gold Mining
27:01 Stone Mining
27:58 Wheelbarrow
30:33 Chain Barding Armor
30:49 Iron Casting
29:44 Light Cavalry
31:50 Hand Cart
Connection lost

Rejoining the realm…

Still unreachable

The connection could not be restored.

Session expired

The server has moved on; the page needs a fresh start.